 Dungeon Crawl Stone Soup version 0.22-a0-603-gfc1114d (webtiles) character file.

92 nikopol the Firebug (level 4, -3/24 HPs)
             Began as a Deep Elf Fire Elementalist on July 7, 2018.
             Slain by an orc wizard
             ... wielding a +0 dagger
              (4 damage)
             ... on level 3 of the Dungeon.
             The game lasted 00:04:44 (2174 turns).

nikopol the Firebug (Deep Elf Fire Elementalist)    Turns: 2174, Time: 00:04:45

Health: -3/24      AC:  2    Str:  5    XL:     4   Next: 35%
Magic:  0/11       EV: 13    Int: 21    God:
Gold:   120        SH:  0    Dex: 15    Spells: 4/10 levels left

rFire    . . .     SeeInvis .   d - +0 short sword (drain)
rCold    . . .     Gourm    .   (no shield)
rNeg     . . .     Faith    .   a - +0 robe
rPois    .         Spirit   .   (no helmet)
rElec    .         Reflect  .   (no cloak)
rCorr    .         Harm     .   (no gloves)
MR       .....                  (no boots)
Stlth    ++........             (no amulet)
HPRegen  0.08/turn              (no ring)
MPRegen  0.12/turn              (no ring)

@: very slightly contaminated
A: no striking features
a: no special abilities


You were on level 3 of the Dungeon.
You were not hungry.

You visited 1 branch of the dungeon, and saw 3 of its levels.

You collected 120 gold pieces.

Inventory:

Hand Weapons
 d - a +0 short sword of draining (weapon)
Armour
 a - a +0 robe (worn)
Scrolls
 b - 2 scrolls of teleportation {unknown}
 e - a scroll of noise {unknown}
 h - 2 scrolls of amnesia {unknown}
 i - 2 scrolls of identify {unknown}
 j - a scroll of fear {unknown}
Potions
 f - 3 potions of might {unknown}
 g - 2 potions of curing {unknown}
 l - a potion of lignification {unknown}
Comestibles
 c - 5 rations
 k - 2 chunks of flesh


   Skills:
 + Level 0.1 Fighting
 + Level 0.1 Short Blades
 + Level 2.9 Dodging
 + Level 2.7 Stealth
 + Level 3.7 Spellcasting
 + Level 2.2 Conjurations
 + Level 4.5 Fire Magic


You had 4 spell levels left.
You knew the following spells:

 Your Spells              Type           Power        Failure   Level  Hunger
a - Flame Tongue          Conj/Fire      ###..        3%          1    None
b - Throw Flame           Conj/Fire      ###...       4%          2    ##.....
c - Conjure Flame         Conj/Fire      ###.....     10%         3    ###....

Your spell library contained the following spells:

 Spells                   Type           Power        Failure   Level  Hunger
 Fireball                 Conj/Fire      ###.......   65%         5    ######.
 Sticky Flame             Conj/Fire      ###.....     30%         4    ####...
 Inner Flame              Hex/Fire       ##......     14%         3    ###....


Dungeon Overview and Level Annotations

Branches:
Dungeon (3/15)

Altars:
Hepliaklqana


Message History

The orc wizard hits you with a dagger.
* * * LOW HITPOINT WARNING * * *
Casting: Flame Tongue (safe; 3% risk of failure)
Confirm with . or Enter, or press ? or * to list all spells.
Aiming: Flame Tongue (safe; 3% risk of failure)
Press: ? - help, Shift-Dir - straight line, f/p - orc wizard
Aim: an orc wizard, wielding a dagger and wearing a robe (moderately wounded, fast)
You miscast Flame Tongue.
You are very lightly contaminated with residual magic.
Nothing appears to happen.
The orc wizard hits you with a dagger.
* * * LOW HITPOINT WARNING * * *
Casting: Flame Tongue (safe; 3% risk of failure)
Confirm with . or Enter, or press ? or * to list all spells.
Aiming: Flame Tongue (safe; 3% risk of failure)
Press: ? - help, Shift-Dir - straight line, f/p - orc wizard
Aim: an orc wizard, wielding a dagger and wearing a robe (moderately wounded, fast)
The flame tongue hits the orc wizard.
The orc wizard is severely wounded.
The orc wizard hits you with a dagger.
You die...

#.# #............
#.# ##.#.#..###.#
#.######...)......
#.#........#####..
#.#.######...>....
#.# #######.. #)#
#.. #o# #.. #@#
#.. #†# #.. #.#
### #.. ##.# ..#
#.# #..# #.# #.#
#.## #.# #.# #.#
#.# #.. #.# #)#
#.. #.# ##.## #..


You could see an orc wizard.

Vanquished Creatures
  An adder (D:2)
  A worm (D:2)
  A dart slug (D:2)
  2 leopard geckos (D:2)
  7 orcs
  4 giant cockroaches
  5 goblins
  4 hobgoblins
  15 jackals
  9 kobolds
  A quokka (D:3)
  A bat (D:3)
  4 frilled lizards
  4 rats
59 creatures vanquished.

Notes
Turn   | Place    | Note
-------+----------+-------------------------------------------
     0 | D:1      | nikopol the Deep Elf Fire Elementalist began the quest for the Orb.
     0 | D:1      | Reached XP level 1. HP: 10/10 MP: 6/6
   295 | D:1      | Reached XP level 2. HP: 15/15 MP: 2/8
   929 | D:2      | Reached skill level 4 in Fire Magic
   954 | D:2      | Reached XP level 3. HP: 19/19 MP: 6/9
  1547 | D:3      | Found a hazy altar of Hepliaklqana.
  1770 | D:3      | Reached XP level 4. HP: 24/24 MP: 5/11
  1925 | D:2      | Learned a level 2 spell: Throw Flame
  1929 | D:2      | Learned a level 3 spell: Conjure Flame
  2173 | D:3      | HP: 1/24 [orc wizard/dagger (1)]
  2174 | D:3      | Slain by an orc wizard

Vault maps used:
D:1:      saegor_arrival_simple_e
D:3:      old_standard_altar, first_ration

Skill      XL: |  1  2  3 |
---------------+----------+-----
Fire Magic     | 4 |  4.5
Conjurations   | 2 |  2.2
Fighting       | |  0.1
Short Blades   | |  0.1
Dodging        | |  2.9
Stealth        | |  2.7
Spellcasting   | |  3.7

Action                   |  1- 3 |  4- 6 || total
-------------------------+-------+-------++-------
Melee: Short sword       |     1 |       ||     1
 Cast: Flame Tongue      |    78 |    36 ||   114
  Eat: Chunk             |     2 |     2 ||     4
Armor: Robe              |     1 |     2 ||     3
Dodge: Dodged            |    16 |    12 ||    28

Table legend:
 A = Spawn XP
 B = Non-spawn XP
 C = Spawn XP percentage of total XP
 D = Spawn monster count
 E = Non-spawn monster count
 F = Spawn count percentage of total count
 G = Total turns spent on level
                    A         B        C        D         E        F      G
               +---------+---------+-------+---------+---------+-------+---------
         Total |       0 |     132 |   0.0 |       0 |      59 |   0.0 |  2174
               +---------+---------+-------+---------+---------+-------+---------
           D:1 |       0 |      24 |   0.0 |       0 |      14 |   0.0 |   787
           D:2 |       0 |      51 |   0.0 |       0 |      17 |   0.0 |   794
           D:3 |       0 |      57 |   0.0 |       0 |      28 |   0.0 |   593
               +---------+---------+-------+---------+---------+-------+---------
